Map: Bel'Shir Vestige LE (Void)

Players

LiquidTLO (TLO) - Winner!

  • Race: Zerg Zerg
  • Spawn Location: 11:00

Mamba

  • Race: Zerg Zerg
  • Spawn Location: 5:00

Event: IEM XI Katowice - World Championship 2017

VOD

Have the link to the VOD?

Description

Time

  • Played on: Feb. 27, 2017, 4:20 a.m.
  • Length: 11:35
Show
View Real Time Build Order
Export as new Build Order

LiquidTLO Zerg - Winner!

Build Orders: Pool First 

Get SALT Encoding   

  12  0:00  Drone  
  13  0:13  Overlord  
  13  0:18  Drone  
  14  0:31  Drone  
  14  0:32  Drone  
  16  0:35  Drone  
  16  0:42  Extractor  
  16  0:46  Drone  
  17  0:50  Spawning Pool  
  16  0:58  Drone  
  17  1:07  Drone  
  18  1:19  Hatchery  
  17  1:33  Drone  
  17  1:37  Queen  
  20  1:43  Metabolic Boost  
  20  1:45  Zergling x2  
  21  1:52  Overlord  
  21  1:56  Zergling x2  
  22  2:12  Zergling x4  
  22  2:13  Queen  
  26  2:22  Zergling x2, Baneling Nest  
  26  2:31  Zergling x2  
  26  2:35  Zergling x2  
  28  2:43  Zergling x2  
  29  2:46  Zergling x2  
  29  2:47  Zergling x4  
  32  2:53  Zergling x2  
  33  2:59  Overlord  
  33  3:04  Overlord  
  33  3:11  Drone  
  34  3:14  Overlord  
  34  3:20  Drone  
  34  3:21  Drone  
  34  3:22  Drone x2  
  34  3:23  Drone  
  34  3:24  Drone  
  36  3:31  Drone x2  
  36  3:33  Zergling x2  
  34  3:42  Zergling x2  
  34  3:43  Zergling x2  
  36  3:51  Zergling x2  
  36  3:54  Baneling x2  
  36  3:57  Baneling x2  
  36  4:00  Drone  
  37  4:05  Queen  
  37  4:07  Drone  
  37  4:08  Overlord  
  37  4:09  Drone x3  
  43  4:13  Zergling x2  
  43  4:16  Zergling x2  
  45  4:19  Zergling x2  
  45  4:20  Zergling x2  
  41  4:36  Zergling x4  
  41  4:37  Zergling x2  
  44  4:39  Drone x2  
  44  4:42  Zergling x2  
  46  4:48  Hatchery  
  46  4:50  Drone  
  46  4:52  Drone  
  45  4:57  Drone x2  
  46  5:08  Roach Warren, Drone  
  46  5:09  Drone  
  46  5:10  Drone  
  46  5:14  Extractor  
  47  5:15  Baneling x2  
  47  5:16  Drone  
  47  5:17  Drone  
  49  5:21  Drone  
  49  5:22  Drone  
  49  5:24  Drone  
  49  5:28  Zergling x2  
  53  5:29  Zergling x2  
  53  5:30  Zergling x2  
  53  5:31  Zergling x2  
  53  5:32  Zergling x2  
  55  5:38  Extractor  
  55  5:39  Zergling x2  
  54  5:51  Roach  
  54  5:52  Roach x2  
  54  5:53  Roach x2  
  54  5:54  Overlord  
  64  6:00  Roach  
  64  6:01  Drone x2  
  64  6:03  Roach  
  68  6:05  Roach  
  68  6:10  Roach  
  72  6:21  Overlord  
  72  6:22  Roach, Drone  
  72  6:23  Drone  
  72  6:24  Roach x2  
  72  6:25  Drone  
  81  6:26  Overlord  
  81  6:32  Overlord  
  81  6:42  Drone x3  
  81  6:43  Roach  
  81  6:44  Roach  
  88  6:48  Drone  
  88  6:50  Evolution Chamber  
  88  6:51  Drone x3  
  88  6:53  Drone  
  92  6:54  Drone  
  92  6:58  Lair  
  92  7:00  Roach  
  92  7:01  Drone  
  96  7:04  Drone x2  
  96  7:05  Drone  
  99  7:14  Roach  
  99  7:15  Roach, Drone  
  104  7:16  Drone x2  
  104  7:18  Overlord  
  104  7:19  Overlord  
  104  7:22  Zerg Missile Weapons Level 1  
  105  7:24  Extractor  
  105  7:26  Overlord  
  105  7:28  Overlord  
  104  7:32  Overlord  
  104  7:35  Drone  
  104  7:37  Extractor  
  104  7:38  Extractor, Drone x4  
  104  7:40  Pneumatized Carapace  
  104  7:43  Drone x2  
  109  7:44  Drone  
  109  7:47  Drone  
  109  7:49  Roach x2  
  115  7:53  Roach  
  117  7:58  Spire  
  117  7:59  Glial Reconstitution  
  117  8:02  Roach  
  117  8:04  Roach  
  120  8:07  Roach  
  120  8:09  Overlord  
  122  8:14  Overlord  
  122  8:17  Overlord  
  122  8:22  Roach x2  
  122  8:23  Roach  
  122  8:24  Roach x2  
  122  8:26  Roach  
  133  8:28  Overlord  
  133  8:30  Roach  
  133  8:32  Roach  
  133  8:33  Roach  
  131  8:35  Roach  
  131  8:37  Roach  
  131  8:40  Ravager x4  
  141  8:41  Roach  
  141  8:44  Roach  
  124  9:02  Roach  
  110  9:03  Roach x9  
  107  9:10  Roach  
  107  9:13  Roach  
  107  9:15  Roach  
  107  9:17  Roach  
  107  9:18  Roach  
  107  9:19  Roach x2  
  107  9:21  Roach  
  109  9:25  Roach  
  109  9:26  Roach  
  109  9:27  Roach  
  109  9:29  Mutalisk x2  
  114  9:32  Roach  
  114  9:34  Roach  
  114  9:35  Mutalisk  
  116  9:44  Mutalisk  
  112  9:49  Roach  
  112  9:50  Roach  
  112  9:51  Roach  
  120  9:53  Roach x2  
  122  10:01  Roach  
  124  10:10  Hatchery  
  123  10:16  Roach  
  123  10:17  Roach x4  
  123  10:20  Roach x2  
  137  10:24  Roach  
  137  10:26  Roach  
  141  10:29  Roach x2  
  141  10:32  Roach  
  141  10:33  Roach  
  141  10:35  Roach  
  151  10:37  Roach  
  151  10:38  Roach  
  151  10:41  Roach  
  159  10:43  Roach  
  159  10:44  Roach  
  159  10:46  Roach  
  145  10:53  Roach x2, Ravager  
  145  10:54  Ravager x3  
Show
View Real Time Build Order
Export as new Build Order

Mamba Zerg 

Build Orders: Hatch First 

Get SALT Encoding   

  12  0:01  Drone  
  13  0:12  Overlord  
  13  0:17  Drone  
  14  0:30  Drone x2  
  16  0:35  Drone  
  17  0:50  Hatchery  
  17  0:54  Drone  
  17  0:57  Drone  
  18  1:03  Extractor  
  17  1:12  Spawning Pool  
  17  1:15  Drone  
  17  1:18  Drone  
  18  1:28  Drone  
  19  1:39  Overlord  
  19  1:51  Drone  
  20  1:58  Queen  
  22  2:01  Drone  
  22  2:02  Queen  
  22  2:03  Zergling x2  
  22  2:04  Metabolic Boost  
  26  2:16  Zergling x2  
  26  2:18  Drone  
  28  2:26  Drone x2  
  30  2:36  Hatchery  
  29  2:37  Drone  
  30  2:44  Baneling Nest  
  30  2:46  Drone  
  30  2:48  Drone  
  31  2:54  Overlord  
  31  2:56  Drone  
  32  3:03  Spine Crawler  
  30  3:06  Zergling x4  
  30  3:11  Zergling x2  
  30  3:12  Zergling x10  
  38  3:17  Zergling x2  
  39  3:24  Zergling x4  
  41  3:32  Zergling x2  
  41  3:33  Zergling x2  
  35  3:35  Baneling x2  
  35  3:42  Queen  
  37  3:49  Drone  
  37  3:50  Drone x3  
  41  3:56  Baneling  
  41  3:57  Baneling  
  41  4:03  Hatchery  
  41  4:08  Drone x2  
  42  4:21  Drone x4  
  41  4:29  Zergling x6  
  41  4:30  Zergling x2  
  43  4:37  Roach Warren  
  41  4:39  Zergling x4  
  42  4:49  Extractor  
  42  4:52  Baneling x2  
  38  4:55  Drone x3  
  38  4:56  Zergling x4  
  43  5:04  Overlord x2  
  43  5:08  Overlord  
  43  5:10  Overlord  
  43  5:18  Overlord  
  43  5:23  Roach  
  43  5:24  Roach x3  
  51  5:33  Roach  
  51  5:34  Roach x2  
  56  5:39  Drone x3  
  56  5:41  Drone  
  60  5:45  Drone x2  
  61  5:54  Roach x2  
  60  6:04  Lair, Drone x2  
  60  6:07  Roach x3  
  60  6:08  Evolution Chamber  
  60  6:09  Ravager x2  
  66  6:12  Drone x2  
  66  6:16  Roach  
  66  6:18  Drone  
  67  6:19  Drone x3  
  67  6:25  Roach x2  
  73  6:26  Roach  
  73  6:31  Ravager  
  73  6:32  Baneling  
  76  6:36  Baneling  
  75  6:40  Zerg Missile Weapons Level 1  
  75  6:41  Queen, Drone x4  
  81  6:48  Roach x2  
  81  6:51  Overlord  
  85  7:00  Overlord, Drone x5  
  89  7:01  Glial Reconstitution  
  89  7:07  Overlord  
  89  7:08  Overlord  
  89  7:24  Overlord  
  89  7:25  Roach  
  89  7:26  Extractor, Roach x7  
  104  7:31  Roach x2  
  108  7:40  Roach x2  
  108  7:42  Overlord  
  112  7:46  Roach  
  114  7:52  Roach  
  114  7:53  Roach x2  
  120  7:59  Extractor  
  120  8:01  Overlord x2  
  120  8:03  Roach x3  
  125  8:09  Hatchery  
  125  8:11  Roach x2  
  125  8:12  Roach  
  130  8:17  Roach  
  132  8:25  Ravager  
  133  8:32  Roach x2  
  135  8:38  Roach x2  
  139  8:42  Roach x2  
  139  8:49  Roach x3  
  139  8:55  Roach x2  
  132  9:00  Roach  
  132  9:01  Roach x2  
  118  9:03  Roach  
  109  9:11  Roach x3  
  109  9:14  Roach x2  
  113  9:23  Roach x4  
  121  9:30  Roach x3  
  119  9:34  Roach  
  119  9:35  Roach  
  109  9:40  Drone  
  109  9:41  Drone  
  109  9:43  Drone x4  
  109  9:46  Extractor  
  109  9:47  Drone x2  
  109  9:48  Drone  
  109  9:49  Extractor  
  108  9:53  Roach x7  
  108  9:58  Queen  
  118  10:07  Roach  
  118  10:09  Roach  
  122  10:17  Drone x2  
  124  10:22  Roach x7  
  138  10:30  Spore Crawler  
  138  10:33  Roach x2, Hydralisk Den  
  138  10:34  Roach  
  141  10:39  Spore Crawler  
  141  10:40  Spore Crawler  
  141  10:42  Roach  
  141  10:43  Roach x4  
  141  10:47  Roach x2  
  117  10:52  Drone x2  

Tags
 
Add a new tag
Caveats
  • Supply blocks, unpowered buildings, or Contaminate may cause inaccurate times.
  • Supply counts are checked every 10 seconds.